AoeStats
← OakenStone47820

Arabia

507724137Analyzed
1v1 RM · 14d ago on Sep 19, 2026· 30m 4s· 2 players
Game mode
Random Map
Map size
Tiny (2 player)
Population
200
Speed
Normal
Resources
Standard
Victory
Conquest
Starting age
Dark Age
Ending age
Imperial Age
RankedLock teamsTeams togetherTeam positionsShared explorationLock speedFull tech treeHidden civsTurbo modeCheats
Victory
Defeat
🇿🇦 Wei · South Africa
927
+15
🇬🇧 Persians · United Kingdom
913
-15
OakenStone47820
3:25 Loom
11:43 Feudal Age
12:09 Horse Collar
12:18 Double-Bit Axe
22:15 Castle Age
20:10 Stone Mining
20:35 Bloodlines
21:03 Gold Mining
22:23 Forging
22:20 Scale Barding Armor
23:25 Bow Saw
24:45 Husbandry
25:43 Bloodlines
27:51 Pikeman
mashHollenbach
5:43 Loom
9:13 Feudal Age
10:42 Double-Bit Axe
19:23 Castle Age
17:49 Gold Mining
19:07 Fletching
19:18 Padded Archer Armor
19:24 Scale Barding Armor
19:10 Horse Collar
20:23 Husbandry
21:09 Bow Saw
23:01 Wheelbarrow
23:22 Bloodlines
26:21 Bodkin Arrow
27:07 Forging
30:22 Hand Cart
Connection lost

Rejoining the realm…

Still unreachable

The connection could not be restored.

Session expired

The server has moved on; the page needs a fresh start.